 Dungeon Crawl Stone Soup version 0.24-a0-434-gd57e52fea8 (webtiles) character file.

Game seed: 11353514486088424758

32 night the Conjurer (level 3, 0/24 HPs)
             Began as a Mummy Conjurer on June 16, 2019.
             Slain by a hobgoblin (5 damage)
             ... on level 1 of the Dungeon.
             The game lasted 00:02:40 (1098 turns).

night the Conjurer (Mummy Conjurer)                 Turns: 1098, Time: 00:02:40

Health: 0/24       AC:  2    Str: 11    XL:     3   Next: 8%
Magic:  1/8        EV: 12    Int: 15    God:
Gold:   13         SH:  0    Dex: 12    Spells: 6/9 levels left

rFire    x . .     SeeInvis .   f - +0 spear
rCold    + . .     Gourm    .   (no shield)
rNeg     + + +     Faith    .   a - +0 robe
rPois    ∞         Spirit   .   (no helmet)
rElec    .         Reflect  .   (no cloak)
rCorr    .         Harm     .   (no gloves)
MR       .....                  (no boots)
Stlth    ++........             (no amulet)
HPRegen  0.08/turn              (no ring)
MPRegen  0.11/turn              (no ring)

@: no status effects
A: no food or potions, fire vulnerability, cold resistance 1, negative energy
resistance 3, torment resistance, unbreathing
a: no special abilities


You were on level 1 of the Dungeon.
You were not hungry.

You visited 1 branch of the dungeon, and saw 1 of its levels.

You collected 13 gold pieces.

Inventory:

Hand Weapons
 f - a +0 spear (weapon)
Missiles
 c - 3 stones (quivered)
 e - 13 bolts
Armour
 a - a +0 robe (worn)
Scrolls
 b - a scroll of blinking {unknown}
 d - a scroll of identify {unknown}


   Skills:
 - Level 1.5 Dodging
 - Level 1.5 Stealth
 + Level 3.7 Spellcasting
 + Level 3.7 Conjurations


You had 6 spell levels left.
You knew the following spells:

 Your Spells              Type           Power        Failure   Level  Hunger
a - Magic Dart            Conj           ##..         4%          1    N/A
b - Searing Ray           Conj           ##....       6%          2    N/A

Your spell library contained the following spells:

 Spells                   Type           Power        Failure   Level  Hunger
 Dazzling Spray           Conj/Hex       #.....       26%         3    N/A
 Iskenderun's Mystic Bla  Conj           ##......     36%         4    N/A
 Force Lance              Conj/Tloc      #.......     65%         4    N/A
 Fulminant Prism          Conj/Hex       #.........   65%         4    N/A

Dungeon Overview and Level Annotations

Branches:
Dungeon (1/15)

Altars:


Innate Abilities, Weirdness & Mutations

You do not eat or drink.
Your flesh is vulnerable to fire.
You are immune to poison.
Your flesh is cold resistant. (rC+)
You are immune to negative energy. (rN+++)
You are immune to unholy pain and torment.
You can survive without breathing.


Message History

You hit the hobgoblin.
The hobgoblin is severely wounded.
The hobgoblin hits you.
* * * LOW HITPOINT WARNING * * *
You hit the hobgoblin but do no damage.
The hobgoblin is severely wounded.
The hobgoblin hits you.
* * * LOW HITPOINT WARNING * * *
Casting: Magic Dart (safe; 4% risk of failure)
Confirm with . or Enter, or press ? or * to list all spells.
You don't know that spell.
Casting: Magic Dart (safe; 4% risk of failure)
Confirm with . or Enter, or press ? or * to list all spells.
Aiming: Searing Ray (safe; 6% risk of failure)
Press: ? - help, Shift-Dir - straight line, f - hobgoblin
Aim: a hobgoblin (severely wounded)
The searing ray misses the hobgoblin. (Press . to maintain the ray.)
The hobgoblin hits you.
You die...

...........!.#.#
#.########.#.#.#
########.#.#.##.
#...............
#.######.#.#.#..
#..........#
#..........#
####
#.#.######.....#
....
#.....g@....#..#
####
###.######..#..#
#..# .# #w.# .#
#.......#
#....#....
####.#####.# . #
##


You could see a hobgoblin.

Vanquished Creatures
  2 oozes (D:1)
  A dart slug (D:1)
  5 bats (D:1)
  4 goblins (D:1)
  3 hobgoblins (D:1)
  A ball python (D:1)
  A frilled lizard (D:1)
  2 kobolds (D:1)
  2 rats (D:1)
21 creatures vanquished.

Notes
Turn   | Place    | Note
-------+----------+-------------------------------------------
     0 | D:1      | night the Mummy Conjurer began the quest for the Orb.
     0 | D:1      | Reached XP level 1. HP: 13/13 MP: 4/4
   383 | D:1      | Reached XP level 2. HP: 19/19 MP: 3/6
   419 | D:1      | Learned a level 2 spell: Searing Ray
  1081 | D:1      | Reached XP level 3. HP: 23/24 MP: 8/8
  1098 | D:1      | Slain by a hobgoblin

Levels and vault maps discovered:
D:1:      scummos_arrival_simple_crosswalls, layout_basic

Skill      XL: |  1 |
---------------+----+-----
Spellcasting   | 3 |  3.7
Dodging        | |  1.5
Stealth        | |  1.5
Conjurations   | |  3.7

Action                   || total
-------------------------++-------
Melee: Unarmed           ||    16
       Spear             ||    14
 Cast: Magic Dart        ||    39
       Searing Ray       ||     3
 Stab: Sleeping          ||     1
Armor: Robe              ||    12
Dodge: Dodged            ||    34

Table legend:
 A = Non-vault XP
 B = Vault XP
 C = Vault XP percentage of total XP
 D = Non-vault monster count
 E = Vault monster count
 F = Vault count percentage of total count
                 A         B        C        D         E       F
            +---------+---------+-------+---------+---------+-------
      Total |      46 |       0 |   0.0 |      21 |       0 |   0.0
            +---------+---------+-------+---------+---------+-------
        D:1 |      46 |       0 |   0.0 |      21 |       0 |   0.0
            +---------+---------+-------+---------+---------+-------
